 Dungeon Crawl Stone Soup version 0.30-a0-424-g7412bad402 (webtiles) character file.

Game seed: 3922659962109408729

311 pokeman the Magician (level 6, 0/34 HPs)
             Began as a Deep Elf Hedge Wizard on Dec 9, 2022.
             Slain by an ice beast (6 damage)
             ... while paralysed by Grinder
             ... on level 4 of the Dungeon.
             The game lasted 00:07:39 (5431 turns).

pokeman the Magician (Deep Elf Hedge Wizard)        Turns: 5431, Time: 00:07:40

Health: 0/34       AC:  3    Str:  7    XL:     6   Next: 18%
Magic:  6/17       EV:  2    Int: 26    God:
Gold:   80         SH:  0    Dex: 14    Spells: 7/18 levels left

rFire   . . .      SeeInvis .    C - +5 rapier of Wokuav {pain, Int+5}
rCold   + . .      Faith    .    (no shield)
rNeg    . . .      Spirit   .    a - +0 leather armour
rPois   .          Reflect  .    c - +0 hat
rElec   .          Harm     .    (no cloak)
rCorr   .          Rampage  .    (no gloves)
Will    .....                    (no boots)
Stlth   ++........               (no amulet)
HPRegen 0.25/turn                y - ring of flight
MPRegen 0.15/turn                k - ring of protection from cold

@: paralysed, flying
A: no striking features
a: no special abilities


You were on level 4 of the Dungeon.
You visited 1 branch of the dungeon, and saw 5 of its levels.

You collected 206 gold pieces.
You spent 126 gold pieces at shops.

Inventory:

Hand Weapons
 e - a +2 dagger of venom
 B - the +5 spear of Yhuaduwi {freeze, rC+ Dex+3 Stlth-}
   (You found it on level 4 of the Dungeon)

   It freezes those it strikes, dealing additional cold damage.
   It can also slow down cold-blooded creatures.
   Dex:       It affects your dexterity (+3).
   rC:        It protects you from cold.
   Stlth:     It makes you less stealthy.
 C - the +5 rapier of Wokuav (weapon) {pain, Int+5}
   (You found it on level 4 of the Dungeon)

   In the hands of one skilled in necromantic magic, it inflicts extra damage on
   living creatures.
   Int:       It affects your intelligence (+5).
Missiles
 x - 4 curare-tipped darts
Armour
 a - a +0 leather armour (worn)
 c - a +0 hat (worn)
Magical Staves
 z - a staff of earth
Jewellery
 h - a ring of resist corrosion
 k - a ring of protection from cold (right hand)
 y - a ring of flight (left hand)
Scrolls
 b - 2 scrolls of teleportation {unknown}
 f - a scroll of noise {unknown}
 l - 9 scrolls of identify {unknown}
 m - a scroll of magic mapping {unknown}
 t - a scroll of blinking {unknown}
 v - a scroll of fear {unknown}
 w - a scroll of amnesia {unknown}
 A - a scroll of torment {unknown}
Potions
 d - a potion of magic
 g - 4 potions of heal wounds
 i - a potion of flight {unknown}
 j - a potion of lignification {unknown}
 n - 2 potions of might {unknown}
 o - a potion of attraction {unknown}
 p - 2 potions of brilliance {unknown}
 q - a potion of curing
 r - 2 potions of cancellation {unknown}
 s - a potion of haste {unknown}
 u - a potion of mutation {unknown}


   Skills:
 - Level 1.0 Fighting
 - Level 1.0 Armour
 - Level 3.0 Dodging
 - Level 3.0 Stealth
 * Level 6.9 Spellcasting
 + Level 3.1 Conjurations
 - Level 1.1 Summonings
 - Level 1.1 Translocations
 - Level 1.1 Ice Magic
 - Level 1.2 Air Magic
 + Level 0.0 Earth Magic
 + Level 0.8 Poison Magic


You had 7 spell levels left.
You knew the following spells:

 Your Spells              Type           Power      Damage    Failure   Level
a - Magic Dart            Conj           100%       1d8       2%          1
b - Mephitic Cloud        Conj/Pois/Air  17%        N/A       14%         3
c - Call Imp              Summ           14%        N/A       9%          2
d - Blink                 Tloc           28%        N/A       9%          2
e - Hailstorm             Conj/Ice       20%        3d6       12%         3

Your spell library contained the following spells:

 Spells                   Type           Power      Damage    Failure   Level
 Apportation              Tloc           28%        N/A       6%          1
 Freeze                   Ice            56%        1d7       6%          1
 Slow                     Hex            32%        N/A       10%         1
 Cigotuvi's Dreadful Rot  Necr/Pois/Air  24%        N/A       11%         2
 Frozen Ramparts          Ice            28%        1d5       17%         3
 Inner Flame              Hex/Fire       8%         N/A       28%         3
 Passage of Golubria      Tloc           14%        N/A       50%         4
 Cause Fear               Hex            4%         N/A       67%         4
 Silence                  Hex/Air        6%         N/A       89%         5
 Alistair's Intoxication  Tmut/Pois      7%         N/A       91%         5
 Discord                  Hex            4%         N/A       100%        8
 Lehudib's Crystal Spear  Conj/Erth      8%         10d4      100%        8


Dungeon Overview and Level Annotations

Branches:
Dungeon (5/15)
 Temple: D:4-7

Altars:

Shops:
D:1 (   D:2 !   D:3 (

Annotations:
D:4 Grinder


Message History

Press: ? - help, Shift-Dir - straight line, f - hound
Aim: a hound (ally target, chance to affect: 86%) That beam is likely to hit you.
Continue anyway?
The ball explodes into a vile cloud!
The stinking cloud engulfs the hound but does no damage.
The stinking cloud engulfs Grinder but does no damage.
The stinking cloud engulfs the ice beast but does no damage.
The ice beast is heavily wounded.
The stinking cloud engulfs you but does no damage.
You are engulfed in noxious fumes.
You choke on the stench!
You are confused.
The hound is engulfed in noxious fumes.
The hound bites you but does no damage.
Unknown command.
Unknown command.
Are you sure you want to stumble around while confused and next to your crimson imp?
You feel less confused.
The hound is engulfed in noxious fumes.
Your crimson imp closely misses the hound.
The hound is engulfed in noxious fumes.
The hound appears confused.
The hound bites you but does no damage.
You barely miss the hound.
The hound is engulfed in noxious fumes.
The hound appears confused.
The hound barely misses itself.
Your crimson imp barely misses the hound.
Unknown command.
You catch the helpless hound completely off-guard!
You puncture the hound!
The hound is heavily wounded.
The hound is engulfed in noxious fumes.
The hound appears confused.
The hound closely misses the ice beast.
The hound is engulfed in noxious fumes.
The hound appears confused.
Your crimson imp hits the hound but does no damage.
Grinder gestures at you.
You suddenly lose the ability to move!
Grinder gestures at you. Pain shoots through your body!
* * * LOW HITPOINT WARNING * * *
Your crimson imp hits the hound.
The ice beast hits you.
* * * LOW HITPOINT WARNING * * *
The ice beast freezes you. You resist.
You die...

#....########.#######...
#....# #.........##
#....################'##
#....#........#........#
#....#........#....>....
####....#........#.........
#.......#........#.........
#.......'5.......#######'#.
#>....###Y@......# #.##
#.....# #5.......# #...
#.....# #h.......# ####
####### #........# #..
#........# #####.#
##########'### #...... #...#
#.######.(...# #...#
#.#...##......
########...######.#.#.##......


You could see Grinder, an ice beast, a hound (confused, ally target) and a
friendly crimson imp (summoned).

Vanquished Creatures
  A necrophage (D:4)
  A scorpion (D:3)
  Natasha (thrice) (D:4)
  4 adders
  A dart slug (D:1)
  7 orcs
  3 bats
  12 endoplasms
  2 giant cockroaches
  3 goblins
  10 hobgoblins
  5 quokkas
  6 ball pythons
  A frilled lizard (D:2)
  10 kobolds
  3 rats
  A spectral goblin (D:1)
73 creatures vanquished.

Vanquished Creatures (others)
  A fungus (D:2)
  9 plants (D:2)
10 creatures vanquished.

Grand Total: 83 creatures vanquished

Notes
Turn   | Place    | Note
-------+----------+-------------------------------------------
     0 | D:1      | pokeman the Deep Elf Hedge Wizard began the quest for the
                  | Orb.
     0 | D:1      | Reached XP level 1. HP: 10/10 MP: 7/7
   184 | D:1      | Found a faded altar of an unknown god.
   336 | D:1      | Reached XP level 2. HP: 15/15 MP: 3/9
  1055 | D:1      | Reached skill level 5 in Spellcasting
  1260 | D:1      | Found Bothreyd's Weapon Emporium.
  1398 | D:1      | Reached XP level 3. HP: 20/20 MP: 7/11
  1402 | D:1      | Learned a level 3 spell: Mephitic Cloud
  1405 | D:1      | Learned a level 2 spell: Call Imp
  1408 | D:1      | Learned a level 2 spell: Blink
  1412 | D:1      | Learned a level 3 spell: Hailstorm
  1691 | D:2      | Found Heigheno's Distillery.
  1711 | D:2      | Bought a potion of degeneration for 14 gold pieces
  1711 | D:2      | Bought a potion of curing for 42 gold pieces
  2056 | D:2      | Reached skill level 1 in Fighting
  2178 | D:2      | Reached skill level 1 in Armour
  2762 | D:2      | Reached XP level 4. HP: 11/25 MP: 13/13
  3016 | D:3      | Noticed a scorpion
  3027 | D:3      | Killed a scorpion
  3028 | D:3      | Reached skill level 6 in Spellcasting
  3028 | D:3      | Reached XP level 5. HP: 26/29 MP: 7/15
  3268 | D:2      | Bought a potion of heal wounds for 70 gold pieces
  3556 | D:3      | Found Qosow's Antique Weapon Shop.
  4120 | D:4      | Noticed Natasha
  4129 | D:4      | Killed Natasha
  4162 | D:4      | Noticed Natasha
  4172 | D:4      | Killed Natasha
  4285 | D:4      | Noticed Natasha
  4292 | D:4      | Killed Natasha
  4293 | D:4      | Reached skill level 1 in Ice Magic
  4448 | D:4      | Reached skill level 1 in Air Magic
  4448 | D:4      | Reached XP level 6. HP: 34/34 MP: 10/17
  4932 | D:4      | Identified the +5 spear of Yhuaduwi {freeze, rC+ Dex+3
                  | Stlth-}
  4982 | D:4      | Identified the +5 rapier of Wokuav {pain, Int+5}
  4990 | D:4      | Noticed Grinder
  5192 | D:4      | Paralysed by Grinder for 3 turns
  5407 | D:5      | Entered Level 5 of the Dungeon
  5407 | D:5      | Noticed an ice beast
  5430 | D:4      | Paralysed by Grinder for 3 turns
  5431 | D:4      | Slain by an ice beast

Illustrated notes

Levels and vault maps discovered:
D:1:      erik_arrival_triangle_small, layout_loops_corners,
          dreamdust_ecumenical_altar_drowned_temple, serial_shops,
          nicolae_shop_bloodbath_and_beyond
D:2:      layout_loops_cross, serial_forest, infiniplex_forest_straight_3,
          infiniplex_forest_zigzag_1, infiniplex_forest_end_1,
          infiniplex_forest_end_1, infiniplex_forest_straight_1,
          infiniplex_forest_end_3, infiniplex_forest_lined_4_way, serial_shops,
          shop, dreamdust_mushroom_princess, nrook_campfire,
          nrook_mini_backslash, serial_bayou_pond_b
D:3:      layout_loops_corners, serial_shops, nicolae_shop_waterfront
D:4:      layout_basic, uniq_grinder, uniq_natasha
D:5:      layout_cave_pools, minmay_temple_entry_proselytizer, serial_demonic,
          serial_demonic_c, serial_demonic_e, serial_demonic_f,
          serial_demonic_d, st_stairs_5, nicolae_stop_n_shop_2,
          nicolae_underground_beach

Skill      XL: |  1  2  3  4  5 |
---------------+----------------+-----
Spellcasting   | 5 6 |  6.9
Fighting       | 1 |  1.0
Conjurations   | 2 3 |  3.1
Armour         | 1 |  1.0
Dodging        | 3 |  3.0
Stealth        | 3 |  3.0
Ice Magic      | 1 |  1.1
Air Magic      | 1 |  1.2
Summonings     | |  1.1
Translocations | |  1.1
Poison Magic   | |  0.8

Action                   |  1- 3 |  4- 6 || total
-------------------------+-------+-------++-------
Melee: Dagger            |    11 |    31 ||    42
       Rapier            |       |     2 ||     2
 Cast: Magic Dart        |   103 |    64 ||   167
       Mephitic Cloud    |       |     6 ||     6
       Call Imp          |       |     2 ||     2
       Blink             |       |     1 ||     1
       Hailstorm         |       |     1 ||     1
 Stab: Sleeping          |     1 |       ||     1
       Confused          |       |     1 ||     1
Armor: Leather armour    |     3 |    11 ||    14
Dodge: Dodged            |    18 |    36 ||    54

Table legend: (Time is in decaauts)
 A = Elapsed time spent in this place.
 B = Non-inter-level travel time spent in this place.
 C = Inter-level travel time spent in this place.
 D = Time resting spent in this place.
 E = Time spent auto-exploring this place.
 F = Levels seen in this place.
 G = Mean time per level.
                   A        B        C        D        E       F      G
               +--------+--------+--------+--------+--------+-----+--------+
         Total |   5437 |   5130 |    307 |    222 |   4412 |   5 | 1087.4 |
       Dungeon |   5437 |   5130 |    307 |    222 |   4412 |   5 | 1087.4 |
               +--------+--------+--------+--------+--------+-----+--------+

Top non-repeatable levels by time:
     D:1: 1560 daAuts
     D:2: 1372 daAuts
     D:3: 1342 daAuts
     D:4: 1153 daAuts
     D:5: 8 daAuts
